 Dungeon Crawl Stone Soup version 0.28-a0-203-gf40de95187 (webtiles) character file.

Game seed: 8175496168273136015

1 Arne the Sneak (level 1, -2/18 HPs)
             Began as a Demigod Delver on Aug 20, 2021.
             Slain by a worm (7 damage)
             ... on level 3 of the Dungeon.
             The game lasted 00:01:40 (104 turns).

Arne the Sneak (Demigod Delver)                      Turns: 104, Time: 00:01:40

Health: -2/18      AC:  3    Str: 13    XL:     1   Next: 13%
Magic:  3/3        EV: 11    Int: 12    God:
Gold:   17         SH:  0    Dex: 15    Spells: 0/0 levels left

rFire   . . .      SeeInvis .   a - +0 falchion
rCold   . . .      Faith    .   (no shield)
rNeg    . . .      Spirit   .   b - +0 leather armour
rPois   .          Reflect  .   (no helmet)
rElec   .          Harm     .   (no cloak)
rCorr   .          Rampage  .   (no gloves)
Will    .....                   (no boots)
Stlth   +++.......              (no amulet)
HPRegen 0.06/turn               (no ring)
MPRegen 0.08/turn               (no ring)

@: no status effects
A: high mp 1, forlorn
a: no special abilities


You were on level 3 of the Dungeon.
You visited 1 branch of the dungeon, and saw 3 of its levels.

You collected 17 gold pieces.

Inventory:

Hand Weapons
 a - a +0 falchion (weapon)
Armour
 b - a +0 leather armour (worn)
Wands
 g - a wand of digging (3)
Scrolls
 c - a scroll of fog
 d - a scroll of magic mapping
 e - a scroll of fear
Potions
 f - a potion of heal wounds {unknown}


   Skills:
 + Level 2.6 Fighting
 + Level 1.7 Long Blades
 + Level 1.7 Dodging
 + Level 4.6 Stealth


You couldn't memorise any spells.
You didn't know any spells.
Your spell library was empty.

Dungeon Overview and Level Annotations

Branches:
Dungeon (5/15)
 Temple: D:4-7


Innate Abilities, Weirdness & Mutations

Your attributes grow dramatically as you level up.
You have an increased reservoir of magic. (+10% MP)
You shall have no god before yourself.


Message History

An endoplasm comes into view.
There is a stone staircase leading down here.
A worm comes into view.
Found 9 arrows.
The helpless endoplasm fails to defend itself.
You hit the endoplasm.
The endoplasm is moderately wounded.
You hit the endoplasm.
You kill the endoplasm!
You don't know any spells.
Your extra speed is starting to run out.
You hit the worm but do no damage. You hit the worm.
The worm is lightly wounded.
The worm bites you.
You hit the worm but do no damage.
The worm is lightly wounded.
You hit the worm.
The worm is moderately wounded.
The worm barely misses you.
You barely miss the worm.
The worm is moderately wounded.
You feel yourself slow down.
You barely miss the worm.
The worm is moderately wounded.
The worm closely misses you.
You riposte.
You hit the worm.
The worm is moderately wounded.
You hit the worm.
The worm is moderately wounded.
The worm closely misses you.
You hit the worm but do no damage.
The worm is moderately wounded.
You hit the worm.
The worm is severely wounded.
The worm bites you.
* * * LOW HITPOINT WARNING * * *
You hit the worm but do no damage.
The worm is severely wounded.
The worm bites you!
You die...

#.#######....#
#............#
#............+
#............#
#............+
#............#
#.....w......#
#.....@.......
#.............
#.............
#.............
#............#
#............#
#.....>......+
#............#
#.#...........


You could see a worm.

Vanquished Creatures
  An endoplasm (D:3)
1 creature vanquished.

Notes
Turn   | Place    | Note
-------+----------+-------------------------------------------
     0 | D:5      | Arne the Demigod Delver began the quest for the Orb.
     0 | D:5      | Reached XP level 1. HP: 18/18 MP: 3/3
    19 | D:5      | Noticed a phantom
   104 | D:3      | Slain by a worm

Illustrated notes

Levels and vault maps discovered:
D:3:      minmay_evil_eye, layout_basic, mainiacjoe_overflow_24_doors,
          mainiacjoe_overflow_tiny_flanked, ebering_ecumenical_altar_ruins,
          uniq_grinder, uniq_natasha, uniq_robin
D:4:      cheibrodos_pilgrimage, layout_gridville, serial_forest,
          infiniplex_forest_straight_4, infiniplex_forest_lined_ring,
          infiniplex_forest_join, infiniplex_forest_corner_1,
          infiniplex_forest_straight_5, infiniplex_forest_corner_1,
          infiniplex_forest_3_way, infiniplex_forest_lined_room_,
          infiniplex_forest_lined_ring, infiniplex_forest_clump_curved,
          uniq_sigmund
D:5:      layout_basic, eino_small_chamber_without_monster, minmay_misc_feat_chi

Action                   || total
-------------------------++-------
Melee: Falchion          ||    16
  Use: Potion            ||     1
 Stab: Sleeping          ||     1
Armor: Leather armour    ||     2
Dodge: Dodged            ||    12
       Rpst.: Falchion   ||     1

Table legend: (Time is in decaauts)
 A = Elapsed time spent in this place.
 B = Non-inter-level travel time spent in this place.
 C = Inter-level travel time spent in this place.
 D = Time resting spent in this place.
 E = Time spent auto-exploring this place.
 F = Levels seen in this place.
 G = Mean time per level.
                   A        B        C        D        E       F      G
               +--------+--------+--------+--------+--------+-----+--------+
         Total |     86 |     86 |      0 |      0 |      0 |   3 |   28.7 |
       Dungeon |     86 |     86 |      0 |      0 |      0 |   3 |   28.7 |
               +--------+--------+--------+--------+--------+-----+--------+

Top non-repeatable levels by time:
     D:5: 53 daAuts
     D:4: 18 daAuts
     D:3: 14 daAuts
